AoeStats
← amaaxime

Four Lakes

507467173Analyzed
1v1 RM · 13d ago on Sep 18, 2026· 53m 35s· 2 players
Game mode
Random Map
Map size
Tiny (2 player)
Population
200
Speed
Normal
Resources
Standard
Victory
Conquest
Starting age
Dark Age
Ending age
Imperial Age
RankedLock teamsTeams togetherTeam positionsShared explorationLock speedFull tech treeHidden civsTurbo modeCheats
Victory
Defeat
🇸🇪 Japanese · Sweden
868
+17
🇫🇷 Teutons · France
898
-17
yhea
8:15 Loom
14:50 Feudal Age
13:07 Loom
15:36 Double-Bit Axe
16:01 Fishing Lines
19:51 Castle Age
20:53 Gambesons
21:10 Squires
23:09 Forging
23:00 Scale Mail Armor
25:54 Pikeman
34:58 Yasama
48:42 Imperial Age
46:49 Wheelbarrow
46:01 Town Watch
48:44 Capped Ram
48:53 Elite Samurai
49:58 Kataparuto
51:19 Iron Casting
51:00 Chain Mail Armor
50:33 Arson
54:10 Chemistry
amaaxime
3:17 Loom
10:18 Feudal Age
10:53 Double-Bit Axe
16:52 Castle Age
16:34 Gold Mining
17:14 Forging
18:04 Fletching
19:21 Crossbowman
21:22 Scale Barding Armor
24:54 Bodkin Arrow
28:59 Iron Casting
28:20 Stone Mining
29:14 Man-at-Arms
29:55 Squires
29:42 Gambesons
29:56 Long Swordsman
30:25 Arson
30:56 Bloodlines
35:00 Ballistics
35:58 Chain Barding Armor
35:40 Padded Archer Armor
36:56 Scale Mail Armor
43:49 Imperial Age
42:13 Chain Mail Armor
43:50 Elite Teutonic Knight
52:01 Blast Furnace
51:24 Town Watch
Connection lost

Rejoining the realm…

Still unreachable

The connection could not be restored.

Session expired

The server has moved on; the page needs a fresh start.